 Dungeon Crawl Stone Soup version 0.21.1-1-g345015f (webtiles) character file.

4980 nicolaieve the Basher (level 10, -5/90 HPs)
             Began as a Minotaur Berserker on July 31, 2018.
             Was a High Priest of Trog.
             Killed by divine providence
             ... invoked by a smoke demon
              (14 damage)
             ... on level 1 of the Abyss.
             The game lasted 00:34:30 (6222 turns).

nicolaieve the Basher (Minotaur Berserker)          Turns: 6222, Time: 00:34:31

Health: -5/90      AC: 19    Str: 15 (17) XL:     10   Next: 29%
Magic:  9/9        EV: 16    Int: -1 (0)  God:    Trog [*****.]
Gold:   651        SH:  7    Dex: 16 (17) Spells: 9/9 levels left

rFire    . . .     SeeInvis .   M - +3 whip
rCold    . . .     Gourm    .   j - +1 buckler {reflect}
rNeg     . . .     Faith    +   L - +0 plate armour
rPois    .         Spirit   .   (helmet restricted)
rElec    .         Reflect  +   (no cloak)
rCorr    .         Harm     .   (no gloves)
MR       ++...     Rnd*Rage +   (no boots)
Stlth    ..........             F - amulet of faith
HPRegen  1.25/turn              x - ring of Ipnivvu {EV+5 Dex+2}
MPRegen  0.11/turn              I - +5 ring of protection

@: agile, regenerating, slowed, lost intelligence, very slow
A: retaliatory headbutt, horns 2, [berserk 2], [clumsy 2], [deterioration 2],
[dopey 2], [weak 2]
a: Berserk, Trog's Hand, Brothers in Arms, Burn Spellbooks, Renounce Religion


You were on level 1 of the Abyss.
You worshipped Trog.
Trog was extremely pleased with you.
You were not hungry.

You visited 1 branch of the dungeon, and saw 9 of its levels.
You visited the Abyss 1 time.

You collected 651 gold pieces.

Inventory:

Hand Weapons
 M - a +3 whip (weapon)
Armour
 j - a +1 buckler of reflection (worn)
 s - a +0 chain mail of fire resistance
 L - a +0 plate armour (worn)
Jewellery
 e - a +3 amulet of reflection {unknown}
 x - the ring of Ipnivvu (left hand) {EV+5 Dex+2}
   (You found it on level 6 of the Dungeon)

   [ring of evasion]

   It affects your evasion (+5).
   It affects your dexterity (+2).
 A - an uncursed amulet of guardian spirit
 E - an uncursed amulet of magic regeneration {unknown}
 F - an amulet of faith (around neck)
 I - a +5 ring of protection (right hand)
Wands
 p - a wand of digging (10)
 C - a wand of paralysis (21)
Scrolls
 b - 3 scrolls of magic mapping
 f - a scroll of fear
 h - 4 scrolls of immolation
 k - 5 scrolls of teleportation
 l - a scroll of enchant armour {unknown}
 m - 2 scrolls of remove curse
 n - a scroll of amnesia {unknown}
 u - a scroll of fog {unknown}
 w - 2 scrolls of vulnerability {unknown}
 y - a scroll of random uselessness {unknown}
 D - 2 scrolls of blinking {unknown}
 H - a scroll of enchant weapon {unknown}
 J - a scroll of brand weapon {unknown}
Potions
 a - a potion of berserk rage {unknown}
 d - 3 potions of might
 g - 3 potions of ambrosia
 o - 4 potions of curing
 q - 2 potions of magic {unknown}
 r - 2 potions of flight
 t - a potion of degeneration {unknown}
 v - 3 potions of lignification
 z - a potion of haste {unknown}
 B - a potion of cancellation {unknown}
 G - a potion of resistance {unknown}
Books
 K - a book of Misfortune

   Spells                             Type                      Level
   a - Confusing Touch                Hexes                        1
   b - Confuse                        Hexes                        3
   c - Gell's Gravitas                Translocation                3
   d - Petrify                        Transmutation/Earth          4
   e - Metabolic Englaciation         Hexes/Ice                    5
   f - Yara's Violent Unravelling     Hexes/Transmutation          5
   Trog disapproves of the use of such an item.
Comestibles
 c - 19 rations


   Skills:
 + Level 8.7 Fighting
 - Level 12.0 Maces & Flails
 + Level 9.5 Armour
 + Level 3.3 Dodging
 - Level 6.1 Shields


You had 9 spell levels left.
You didn't know any spells.

Dungeon Overview and Level Annotations

Branches:
Dungeon (9/15)             Temple (0/1) D:7
   Lair: D:8-11         Orc: D:9-12

Altars:
Cheibriados
Elyvilon
Gozag
Hepliaklqana
Kikubaaqudgha
Makhleb
Qazlal
Uskayaw
Wu Jian
Yredelemnul
Zin

Annotations:
D:9 Erolcha


Innate Abilities, Weirdness & Mutations

You reflexively headbutt those who attack you in melee.
You have a pair of horns on your head.
[You often lose your temper in combat.]
[You are very clumsy. (Dex -4)]
[Your body often deteriorates upon taking damage.]
[You are very dopey. (Int -4)]
[You are very weak. (Str -4)]


Message History

The hellwing hits you!
* * * LOW HITPOINT WARNING * * *
The hellwing hits you but does no damage.
The wretched star pulses with an eldritch light!
You feel weaker. x2
The hellwing closely misses you. The hellwing misses you.
The ufetubus closely misses you. The ufetubus misses you.
You hit the hellwing but do no damage.
The hellwing is lightly wounded.
The manticore disappears in a puff of smoke!
The merfolk siren chants a haunting song.
You resist with almost no effort. The hellwing closely misses you.
You furiously retaliate!
You headbutt the hellwing! The hellwing misses you.
You hear a bark!
You block the hellwing's attack. The hellwing closely misses you.
A hell hound comes into view.
The hell hound barks!
The smoke demon gestures at you. Something smites you!
You die...

.. ###. .#. #..
### .. #..
#.#####.#
#....#.## #
#@.5...#.# #
##.#.#5...###.
#...43x.### ## .##
#..####*#5ยง# #.
##.## #... #5##3m#
.###.# . ....
##..........# #.
.#. #. .#.5.h..#..
. . #.
####.#..#.##....#.
###. ..######.


You could see a wretched star, a hellwing, a merfolk siren, a worldbinder, a
smoke demon, a ynoxinul, a hell hound and 4 ufetubi.

Vanquished Creatures
  The ghost of Tommers the Grappler, a novice TrBe of Trog (D:7)
  A hippogriff (D:7)
  Sigmund (D:4)
  A wyvern (D:7)
  A human (D:8)
  A yak (D:8)
  3 hogs (D:8)
  2 water moccasins
  An ice beast (D:6)
  An orc warrior (D:8)
  A phantom (D:7)
  4 ogres
  2 centaurs
  2 bullfrogs
  A gnoll sergeant (D:8)
  A wyvern zombie (D:6)
  7 scorpions
  5 killer bees (D:8)
  3 wights (D:7)
  The ghost of dscm the Grave Robber, a weakling DsNe (D:4)
  5 howler monkeys
  7 crimson imps
  A quasit (D:6)
  2 orc priests
  2 hounds
  2 bullfrog skeletons
  A centaur skeleton (D:6)
  3 orc wizards
  3 iguanas
  4 worker ants (D:4)
  A hound skeleton (D:7)
  8 gnolls
  4 howler monkey skeletons
  8 adders
  2 oozes
  3 adder skeletons
  A worm (D:2)
  4 dart slugs
  7 leopard geckos
  24 orcs
  4 giant cockroaches
  2 gnoll zombies (D:3)
  8 goblins
  9 hobgoblins
  6 jackals
  3 quokkas
  5 bats
  12 frilled lizards
  A giant cockroach zombie (D:6)
  13 kobolds
  A leopard gecko skeleton (D:7)
  8 rats
204 creatures vanquished.

Vanquished Creatures (others)
  2 starspawn tentacles (Abyss:1)
2 creatures vanquished.

Grand Total: 206 creatures vanquished

Notes
Turn   | Place    | Note
-------+----------+-------------------------------------------
     0 | D:1      | nicolaieve the Minotaur Berserker began the quest for the Orb.
     0 | D:1      | Reached XP level 1. HP: 19/19 MP: 0/0
    27 | D:1      | Reached skill level 4 in Maces & Flails
    32 | D:1      | Reached XP level 2. HP: 12/26 MP: 1/1
   378 | D:1      | Reached skill level 5 in Maces & Flails
   495 | D:1      | Reached XP level 3. HP: 31/31 MP: 2/2
   677 | D:2      | Reached ** piety under Trog
   890 | D:2      | Reached XP level 4. HP: 28/39 MP: 3/3
   904 | D:2      | Found an opulent altar of Gozag.
   966 | D:2      | Reached skill level 6 in Maces & Flails
   979 | D:2      | Found a transporter.
   980 | D:2      | Found a hazy altar of Hepliaklqana.
   984 | D:2      | Found a transporter.
  1008 | D:2      | Reached skill level 1 in Shields
  1011 | D:2      | Reached XP level 5. HP: 45/45 MP: 4/4
  1372 | D:3      | Reached skill level 7 in Maces & Flails
  1581 | D:3      | Reached *** piety under Trog
  1607 | D:3      | Found a white marble altar of Elyvilon.
  1828 | D:3      | Found an ancient bone altar of Kikubaaqudgha.
  1871 | D:3      | Reached XP level 6. HP: 30/51 MP: 5/5
  2031 | D:3      | Found a basalt altar of Yredelemnul.
  2129 | D:4      | Reached skill level 8 in Maces & Flails
  2253 | D:4      | Found a snail-covered altar of Cheibriados.
  2433 | D:4      | Reached **** piety under Trog
  2465 | D:4      | Found a stormy altar of Qazlal.
  2476 | D:4      | Reached XP level 7. HP: 57/57 MP: 6/6
  2492 | D:4      | Noticed dscm's ghost (weakling DsNe)
  2502 | D:4      | Killed dscm's ghost
  2502 | D:4      | Reached skill level 9 in Maces & Flails
  2507 | D:4      | Noticed Sigmund
  2515 | D:4      | Killed Sigmund
  2555 | D:4      | Reached skill level 10 in Maces & Flails
  2870 | D:5      | Entered Level 5 of the Dungeon
  2870 | D:5      | Found an ornate altar of the Wu Jian Council.
  3241 | D:5      | Reached XP level 8. HP: 61/64 MP: 7/7
  3260 | D:5      | Found a burning altar of Makhleb.
  3451 | D:5      | Reached skill level 11 in Maces & Flails
  3658 | D:6      | Got a crude bone ring
  3678 | D:6      | Identified the ring of Ipnivvu {EV+5 Dex+2} (You found it on level 6 of the Dungeon)
  4086 | D:6      | Reached skill level 12 in Maces & Flails
  4086 | D:6      | Reached skill level 5 in Shields
  4467 | D:7      | Noticed Tommers's ghost (novice TrBe)
  4480 | D:7      | Killed Tommers's ghost
  4480 | D:7      | Reached skill level 5 in Fighting
  4480 | D:7      | Reached skill level 5 in Armour
  4480 | D:7      | Reached XP level 9. HP: 59/75 MP: 8/8
  4989 | D:7      | Found a staircase to the Ecumenical Temple.
  5114 | D:8      | Reached ***** piety under Trog
  5307 | D:8      | Reached XP level 10. HP: 88/88 MP: 9/9
  5308 | D:8      | Received a gift from Trog
  5312 | D:8      | Got a bone dire flail {god gift}
  5359 | D:8      | Found a glowing silver altar of Zin.
  5359 | D:8      | Noticed an angel
  6043 | D:9      | Found a hide-covered altar of Uskayaw.
  6043 | D:9      | Noticed a hand axe
  6043 | D:9      | Noticed a dagger
  6059 | D:9      | Noticed Erolcha
  6063 | D:9      | Cast into level 1 of the Abyss (Erolcha)
  6131 | Abyss:1  | Noticed a tentacled starspawn
  6131 | Abyss:1  | Noticed a starcursed mass
  6132 | Abyss:1  | Noticed a thrashing horror
  6141 | Abyss:1  | Noticed a thrashing horror
  6143 | Abyss:1  | Found a corrupted altar of Lugonu.
  6203 | Abyss:1  | Noticed a smoke demon
  6205 | Abyss:1  | Noticed a wretched star
  6205 | Abyss:1  | Lost intelligence.
  6211 | Abyss:1  | Noticed a worldbinder
  6213 | Abyss:1  | Noticed a merfolk siren
  6214 | Abyss:1  | Noticed a merfolk siren
  6215 | Abyss:1  | Noticed a manticore
  6218 | Abyss:1  | Noticed a merfolk siren
  6219 | Abyss:1  | HP: 4/90 [hellwing (7)]
  6222 | Abyss:1  | Killed from afar by a smoke demon

Skill      XL: |  1  2  3  4  5  6  7  8  9 10 |
---------------+-------------------------------+-----
Maces & Flails | 4 5 6 7 8 10 12 | 12.0
Shields        | 1 2 3 4 6 |  6.1
Fighting       | 5 7 8 |  8.7
Armour         | 5 8 9 |  9.5
Dodging        | 3 |  3.3

Action                   |  1- 3 |  4- 6 |  7- 9 | 10-12 || total
-------------------------+-------+-------+-------+-------++-------
Melee: Mace              |     9 |       |       |       ||     9
       Headbutt          |    13 |    35 |   109 |    17 ||   174
       Whip              |    67 |   228 |   395 |    67 ||   757
Invok: Berserk           |     1 |     2 |     7 |     2 ||    12
       Trog's Hand       |       |       |     2 |     2 ||     4
       Burn Spellbooks   |       |       |     1 |       ||     1
  Use: Scroll            |       |       |    11 |     1 ||    12
       Potion            |       |       |       |     2 ||     2
 Stab: Sleeping          |     1 |       |       |       ||     1
  Eat: Chunk             |     1 |     7 |    15 |     4 ||    27
       Ration            |       |       |       |     1 ||     1
Armor: Animal skin       |    10 |       |       |       ||    10
       Ring mail         |       |    22 |       |       ||    22
       Chain mail        |       |    37 |    88 |    11 ||   136
       Plate armour      |       |       |       |    16 ||    16
Dodge: Dodged            |    43 |    76 |   141 |    46 ||   306
Block: Buckler           |     4 |    39 |    62 |    16 ||   121
       Reflection        |       |       |     1 |       ||     1
